 Dungeon Crawl Stone Soup version 0.30-a0-862-g1aabd4f9c5 (webtiles) character file.

Game seed: 334333629590553495

566 ProzacElf the Covert (level 7, 0/28 HPs)
             Began as a Felid Transmuter on Mar 8, 2023.
             Slain by an ogre
             ... wielding a +0 giant club
              (28 damage)
             ... on level 5 of the Dungeon.
             The game lasted 00:12:02 (4898 turns).

ProzacElf the Covert (Felid Transmuter)             Turns: 4898, Time: 00:12:02

Health: 0/28       AC:  6    Str: 14    XL:     7   Next: 10%
Magic:  10/11      EV: 18    Int: 14    God:
Gold:   237        SH:  0    Dex: 17    Spells: 4/10 levels left
                                        Lives:  0   Deaths: 2

rFire   . . .      SeeInvis +      - Unarmed
rCold   . . .      Faith    .    (shield unavailable)
rNeg    . . .      Spirit   .    (body armour unavailable)
rPois   .          Reflect  .    (helmet unavailable)
rElec   .          Rampage  .    (cloak unavailable)
rCorr   .                        (gloves unavailable)
Will    +....                    (boots unavailable)
Stlth   ++++                     (no amulet)
HPRegen 0.24/turn                j - +4 ring of protection
MPRegen 0.12/turn                l - +6 ring of strength

@: appendages (expiring), quick
A: horns 2, very small, claws 1, fangs 3, see invisible, speed 1, shaggy fur 2,
stealthy paws, no weapons or thrown items, no armour, multi-lived
a: End Transformation


You were on level 5 of the Dungeon.
You had temporarily grown beastly horns.
You visited 1 branch of the dungeon, and saw 5 of its levels.

You collected 237 gold pieces.

Inventory:

Jewellery
 j - a +4 ring of protection (left paw)
 l - a +6 ring of strength (right paw)
Scrolls
 c - 2 scrolls of teleportation
 f - 2 scrolls of noise {unknown}
 h - a scroll of enchant weapon {unknown}
 m - a scroll of torment {unknown}
 n - a scroll of magic mapping {unknown}
 r - a scroll of poison {unknown}
 s - 2 scrolls of vulnerability {unknown}
 t - 2 scrolls of amnesia {unknown}
Potions
 a - a potion of lignification
 b - 9 potions of curing {unknown}
 d - a potion of flight
 e - 2 potions of cancellation {unknown}
 g - 2 potions of heal wounds {unknown}
 k - a potion of haste
 o - 2 potions of mutation {unknown}
 p - a potion of might
 q - a potion of invisibility


   Skills:
 - Level 1.0 Fighting
 - Level 3.0 Dodging
 + Level 9.6 Stealth
 + Level 7.5 Unarmed Combat
 - Level 2.0 Spellcasting
 - Level 2.1 Transmutations


You had 4 spell levels left.
You knew the following spells:

 Your Spells              Type           Power      Damage    Failure   Level
a - Beastly Appendage     Tmut           14%        N/A       10%         1
b - Wereblood             Tmut           7%         N/A       14%         2
c - Spider Form           Tmut/Pois      4%         N/A       41%         3

Your spell library contained the following spells:

 Spells                   Type           Power      Damage    Failure   Level
 Ozocubu's Armour         Ice            1%         N/A       56%         3
 Ice Form                 Ice/Tmut       4%         N/A       83%         4
 Metabolic Englaciation   Hex/Ice        0%         N/A       100%        5
 Simulacrum               Ice/Necr       0%         N/A       100%        6


Dungeon Overview and Level Annotations

Branches:
Dungeon (5/15)
 Temple: D:4-7

Altars:
Cheibriados
Makhleb
Okawaru
Wu Jian

Shops:
D:1 :


Innate Abilities, Weirdness & Mutations

You have temporarily grown beastly horns.
You have sharp claws.
You have razor-sharp teeth.
You have supernaturally acute eyesight. (SInv)
You cover ground quickly. (Speed+)
You are covered in thick fur. (AC +2)
Your paws help you pounce on unaware monsters.
You are incapable of wielding weapons or throwing items.
You cannot wear armour.
You gain extra lives every three experience levels.


Message History

Ye kill tha orc!
Tha gnoll misses ye.
Ye claw tha gnoll!
Ye bite tha gnoll.
Tha gnoll be almost dead.
Ye scratch tha gnoll.
Ye headbutt tha gnoll.
Ye kill tha gnoll!
Tha adder misses ye.
Ye scratch tha adder.
Tha adder be lightly wounded.
Tha adder bites ye.
Ye take 1 damage, an' haf 27/28 hp.
Ye scratch tha adder.
Ye bite tha adder, but do nay damage.
Tha adder be heavily wounded.
Tha adder misses ye.
Health restored: 28 Ye claw tha adder!
Ye kill tha adder!
Yer transformation be almost o'er.
Yer magical contamination has completely faded away.
Ye barely miss tha gnoll.
Tha gnoll hits ye but does nay damage.
Ye closely miss tha gnoll.
Tha gnoll barely misses ye.
Ye claw tha gnoll!
Ye headbutt tha gnoll.
Ye kill tha gnoll!
Tha gnoll barely misses ye.
Ye claw tha gnoll!
Ye kill tha gnoll!
Items 'ere: )))) †††.
Tha gnoll shouts!
Ye scratch tha ogre.
Ye headbutt tha ogre.
Ye bite tha ogre.
Tha ogre be lightly wounded.
Ye claw tha ogre!
Ye headbutt tha ogre.
Ye bite tha ogre, but do nay damage.
Tha ogre be heavily wounded.
Tha gnoll be nay longer movin' quickly.
Tha ogre misses ye.
Ye barely miss tha ogre.
Tha gnoll bouda shouts!
Ye headbutt tha ogre!
Ye bite tha ogre.
Tha ogre be almost dead.
Tha ogre hits ye wit' a +0 giant club!!
Ouch! Tha re'lly hurt!
Ye die...

#.####.#####.## #..
#.##..........#####..
#.##.#.####..........
#......# #.....###...
####.### ##...## #...
#.# ##.## #< #.# #.#
#[ #)# #.# #. #@###
##+# .. #.O.# ##...##
##. ###g###.....## #.
g..#.......## #.
..#.#........###.
#g#.g#........+...
#...g#........###.
##+###.......####.
##.....#.....


You could see an ogre, a gnoll bouda and a gnoll.

Vanquished Creatures
  A steam dragon (D:5)
  Duvessa (D:5)
  A black bear (D:5)
  An ogre (D:5)
  A phantom (D:5)
  3 scorpions
  Dowan (D:5)
  A hound (D:5)
  Jessica (D:3)
  Terence (D:2)
  5 iguanas
  An orc wizard (D:3)
  Robin (D:2)
  6 gnolls
  5 adders
  3 worms
  2 dart slugs
  6 orcs
  2 endoplasms
  A giant cockroach (D:2)
  20 goblins
  8 hobgoblins
  7 jackals
  5 quokkas
  5 ball pythons
  2 bats
  2 frilled lizards
  7 kobolds
  8 rats
108 creatures vanquished.

Vanquished Creatures (others)
  2 fungi (D:5)
2 creatures vanquished.

Grand Total: 110 creatures vanquished

Notes
Turn   | Place    | Note
-------+----------+-------------------------------------------
     0 | D:1      | ProzacElf the Felid Transmuter began the quest for the Orb.
     0 | D:1      | Reached XP level 1. HP: 9/9 MP: 4/4
   126 | D:1      | Reached skill level 1 in Stealth
   181 | D:1      | Reached XP level 2. HP: 5/12 MP: 6/6
   213 | D:1      | Learned a level 2 spell: Wereblood
   391 | D:1      | Found Rigilos's Book Shop.
   767 | D:1      | Reached skill level 2 in Stealth
  1215 | D:2      | Reached XP level 3. HP: 9/15 MP: 7/7
  1338 | D:2      | Noticed Robin
  1358 | D:2      | Killed Robin
  1359 | D:2      | Reached skill level 3 in Stealth
  1592 | D:2      | Reached XP level 4. HP: 19/19 MP: 8/8
  2025 | D:2      | Noticed Terence
  2223 | D:2      | Reached skill level 4 in Stealth
  2387 | D:2      | Learned a level 3 spell: Spider Form
  2780 | D:2      | Killed Terence
  2781 | D:2      | Reached XP level 5. HP: 21/22 MP: 9/9
  2846 | D:3      | Noticed Jessica
  2854 | D:3      | Killed Jessica
  2855 | D:3      | Reached skill level 5 in Stealth
  3203 | D:3      | Found a snail-covered altar of Cheibriados.
  3665 | D:4      | Reached skill level 5 in Unarmed Combat
  3694 | D:4      | Found an ornate altar of the Wu Jian Council.
  3698 | D:4      | Reached skill level 6 in Stealth
  3698 | D:4      | Gained mutation: You are covered in thick fur. (AC +2)
                  | [Felid growth]
  3698 | D:4      | Reached XP level 6. HP: 25/25 MP: 10/10
  4084 | D:5      | Entered Level 5 of the Dungeon
  4205 | D:5      | Slain by an iguana
  4206 | D:5      | Reached XP level 5. HP: -2/22 MP: 7/9
  4214 | D:5      | Noticed a steam dragon
  4219 | D:5      | Killed a steam dragon
  4220 | D:5      | Reached skill level 7 in Stealth
  4220 | D:5      | Reached XP level 6. HP: 25/25 MP: 10/10
  4290 | D:5      | Reached skill level 8 in Stealth
  4290 | D:5      | Reached XP level 7. HP: 28/28 MP: 2/11
  4425 | D:5      | Found an iron altar of Okawaru.
  4568 | D:5      | Noticed Duvessa
  4571 | D:5      | Killed Duvessa
  4572 | D:5      | Reached skill level 9 in Stealth
  4572 | D:5      | Noticed Dowan
  4575 | D:5      | Slain by Dowan
  4576 | D:5      | Reached XP level 6. HP: 0/25 MP: 8/10
  4618 | D:5      | Killed Dowan
  4722 | D:5      | Reached XP level 7. HP: 28/28 MP: 11/11
  4776 | D:5      | Found a burning altar of Makhleb.
  4778 | D:5      | Noticed a green death
  4782 | D:5      | Noticed a smoke demon
  4782 | D:5      | Noticed a smoke demon
  4898 | D:5      | Slain by an ogre

Illustrated notes

Levels and vault maps discovered:
D:1:      dpeg_arrival_tiny_a, layout_basic, serial_shops, shop
D:2:      layout_loops_corners, uniq_terence, uniq_robin
D:3:      layout_basic, mainiacjoe_overflow_alcove_4, uniq_jessica
D:4:      layout_rooms, nicolae_wu_jian_wuxing_cycle
D:5:      layout_loops_corners, makhleb_altar_promises_db,
          mainiacjoe_overflow_boulevard, grunt_ministairs_8,
          kennysheep_generic_room_14, uniq_duvessa

Skill      XL: |  1  2  3  4  5  6  7 |
---------------+----------------------+-----
Dodging        | 3 |  3.0
Stealth        | 1 2 3 4 7 8 9 |  9.6
Unarmed Combat | 4 6 7 |  7.5
Fighting       | |  1.0
Spellcasting   | |  2.0
Transmutations | |  2.1

Action                     |  1- 3 |  4- 6 |  7- 9 || total
---------------------------+-------+-------+-------++-------
  Melee: Unarmed           |   100 |   187 |    37 ||   324
         Bite              |    10 |    20 |     7 ||    37
         Headbutt          |     4 |     6 |     8 ||    18
         Punch             |     2 |     7 |     3 ||    12
   Cast: Beastly Appendage |     7 |     3 |     2 ||    12
         Spider Form       |       |     6 |       ||     6
    Use: Scroll            |       |     5 |       ||     5
   Stab: Sleeping          |     6 |    15 |     2 ||    23
 Armour: Skin              |     5 |    19 |     9 ||    33
  Dodge: Dodged            |    61 |   111 |    31 ||   203

Table legend: (Time is in decaauts)
 A = Elapsed time spent in this place.
 B = Non-inter-level travel time spent in this place.
 C = Inter-level travel time spent in this place.
 D = Time resting spent in this place.
 E = Time spent auto-exploring this place.
 F = Levels seen in this place.
 G = Mean time per level.
                   A        B        C        D        E       F      G
               +--------+--------+--------+--------+--------+-----+--------+
         Total |   4171 |   4011 |    160 |    704 |   2522 |   5 |  834.2 |
       Dungeon |   4171 |   4011 |    160 |    704 |   2522 |   5 |  834.2 |
               +--------+--------+--------+--------+--------+-----+--------+

Top non-repeatable levels by time:
     D:2: 1092 daAuts
     D:3: 1034 daAuts
     D:1: 998 daAuts
     D:5: 666 daAuts
     D:4: 379 daAuts
